 Dungeon Crawl Stone Soup version 0.26-a0-712-ga5a9c9c9d0 (webtiles) character file.

Game seed: 14550114006483081252

16510 kae the Transmogrifier (level 12, -11/132 HPs)
             Began as a Naga Transmuter on Nov 3, 2020.
             Was a High Priest of Cheibriados.
             Mangled by a soul eater (16 damage)
             ... summoned by a kobold demonologist
             ... on level 12 of the Dungeon.
             The game lasted 00:15:05 (16908 turns).

kae the Transmogrifier (Naga Transmuter)           Turns: 16908, Time: 00:15:06

Health: -11/132    AC:  7    Str: 30    XL:     12   Next: 38%
Magic:  16/18      EV: 17    Int: 27    God:    Cheibriados [*****.]
Gold:   555        SH:  0    Dex: 25    Spells: 6/19 levels left

rFire    x . .     SeeInvis +     - Unarmed
rCold    + + +     Faith    .   (shield currently unavailable)
rNeg     . . .     Spirit   .   (armour currently unavailable)
rPois    +         Reflect  .   (helmet currently unavailable)
rElec    .         Harm     .   (cloak currently unavailable)
rCorr    +         Rampage  .   (gloves currently unavailable)
MR       +....                  (no barding)
Stlth    ++........             m - amulet of the acrobat
HPRegen  0.32/turn              o - ring of resist corrosion
MPRegen  0.16/turn              q - +4 ring of slaying

@: about to teleport, ice-form, very slow
A: large, see invisible, spit poison 2, evolution 1, AC +4
a: Breathe Poison Gas, End Transformation, Bend Time, Temporal Distortion,
Slouch, Step From Time, Renounce Religion


You were on level 12 of the Dungeon.
You worshipped Cheibriados.
Cheibriados was extremely pleased with you.
You were a creature of crystalline ice.
You visited 2 branches of the dungeon, and saw 13 of its levels.

You collected 555 gold pieces.

Inventory:

Armour
 a - a +2 robe (melded)
 x - the +3 pair of gloves of Nooqoc (melded) {+Inv rPois rN+ Regen+}
   (You found it on level 9 of the Dungeon)

   It protects you from poison.
   It protects you from negative energy.
   It lets you turn invisible.
   It increases your rate of regeneration.
Jewellery
 j - an uncursed amulet of the acrobat
 m - an amulet of the acrobat (around neck)
 o - a ring of resist corrosion (left front paw)
 q - a +4 ring of slaying (right front paw)
 t - an uncursed amulet of faith
Wands
 l - a wand of flame (31)
 y - a wand of paralysis (12)
 A - a wand of disintegration (9)
Scrolls
 b - 5 scrolls of teleportation
 d - a scroll of enchant weapon
 n - 8 scrolls of remove curse
 r - 2 scrolls of amnesia
 u - 8 scrolls of immolation
 v - 2 scrolls of enchant armour
 w - 2 scrolls of silence
Potions
 c - 2 potions of lignification
 e - a potion of stabbing
 g - 3 potions of heal wounds
 h - a potion of might
 i - a potion of mutation
 k - 4 potions of brilliance
 p - a potion of curing
 s - a potion of haste
 B - a potion of ambrosia {unknown}


   Skills:
 - Level 8.0 Fighting
 - Level 6.0 Armour
 - Level 8.0 Dodging
 - Level 8.0 Unarmed Combat
 - Level 4.0 Spellcasting
 - Level 10.0 Transmutations
 - Level 4.0 Ice Magic
 - Level 3.0 Poison Magic
 * Level 3.9 Invocations


You had 6 spell levels left.
You knew the following spells:

 Your Spells              Type           Power        Failure   Level
a - Beastly Appendage     Tmut           ######       1%          1
b - Spider Form           Tmut/Pois      #####.....   1%          3
c - Blade Hands           Tmut           ######....   3%          5
d - Ice Form              Ice/Tmut       #####...     4%          4

Your spell library contained the following spells:

 Spells                   Type           Power        Failure   Level
 Wereblood                Tmut           ######..     1%          2
 Ensorcelled Hibernation  Hex/Ice        ###...       5%          2
 Magic Dart               Conj           #...         8%          1
 Summon Small Mammal      Summ           #...         8%          1
 Petrify                  Tmut/Erth      ####....     10%         4
 Blink                    Tloc           N/A          12%         2
 Call Imp                 Summ           #.......     12%         2
 Searing Ray              Conj           #.....       12%         2
 Slow                     Hex            #.......     12%         2
 Mephitic Cloud           Conj/Pois/Air  ##......     16%         3
 Call Canine Familiar     Summ           #.......     24%         3
 Confusing Touch          Hex            #.......     24%         3
 Conjure Flame            Conj/Fire      #.......     24%         3
 Dazzling Flash           Conj/Hex       #.....       24%         3
 Gell's Gravitas          Tloc           #.........   24%         3
 Portal Projectile        Hex/Tloc       #.....       24%         3
 Summon Guardian Golem    Hex/Summ       #.......     24%         3
 Yara's Violent Unravell  Hex/Tmut       ####......   28%         5
 Summon Ice Beast         Ice/Summ       ###.....     34%         4
 Fulminant Prism          Conj/Hex       #.........   61%         4
 Iskenderun's Mystic Bla  Conj/Tloc      #.......     61%         4
 Summon Lightning Spire   Summ/Air       #.......     61%         4
 Metabolic Englaciation   Hex/Ice        ###.......   67%         5
 Borgnjor's Vile Clutch   Necr/Erth      #.........   91%         5
 Silence                  Hex/Air        #.........   91%         5
 Dispersal                Tloc           #.........   100%        6
 Shadow Creatures         Summ           N/A          100%        6
 Disjunction              Tloc           #.........   100%        8


Dungeon Overview and Level Annotations

Branches:
Dungeon (12/15)            Temple (1/1) D:7            Lair (0/6) D:8
    Orc (0/2) D:9

Altars:
Ashenzari
Cheibriados
Dithmenos
Elyvilon
Fedhas
Gozag
Hepliaklqana
Kikubaaqudgha
Makhleb
Nemelex Xobeh
Okawaru
Qazlal
Ru
Sif Muna
Trog
Uskayaw
Vehumet
Wu Jian
Xom
Yredelemnul
Zin
The Shining One

Annotations:
D:4 2 transporters, Ronin1791's ghost, amateur GnAM
D:11 1 runed translucent door
D:12 2 runed translucent doors


Innate Abilities, Weirdness & Mutations

You cannot wear boots.
((Your serpentine skin is tough. (AC +4)))
You have supernaturally acute eyesight. (SInv)
((Armour fits poorly on your strangely shaped body.))
((Your system is resistant to poisons. (rPois)))
((You cover ground very slowly.))
You can exhale a cloud of poison.
((You are resistant to electric shocks. (rElec)))
You evolve.


Message History

The big kobold closely misses you.
Unknown command.
Unknown command.
Okay, then.
You feel much better. The ufetubus closely misses you.
The ufetubus hits you but does no damage.
A kobold comes into view.
It is wielding a +0 short sword and quivering 5 poisoned darts.
The soul eater barely misses you. The sun demon completely misses you.
The kobold demonologist hits you but does no damage.
A kobold comes into view. It is wielding a -3 short sword.
The kobold demonologist looks braver for a moment.
The kobold demonologist misses you. The big kobold hits you with a +0 whip.
As you read the scroll of teleportation, it crumbles to dust.
You feel strangely unstable. The ufetubus closely misses you.
The ufetubus misses you. The iron imp hits you. The sun demon hits you!!
* * * LOW HITPOINT WARNING * * *
You are engulfed in flames!
The fire burns you terribly!
* * * LOW HITPOINT WARNING * * *
The soul eater hits you!
You die...

...# .K.# K.. ..
####K#### #..c5...#
#.KKK...#
#####.5Y35..+
#......53...#
#...........#
#...........#
#####.......##......
#..(....#.......
#.......#......
#.......#....#
#.......#....#


You could see a soul eater (summoned), a sun demon (summoned), 3 kobold
demonologists, a big kobold, a centaur, an iron imp (summoned), a white imp
(summoned), a shadow imp (summoned), an ufetubus (summoned) and 2 kobolds.

Vanquished Creatures
  A boulder beetle (D:11)
  A hydra (D:11)
  Erica (D:11)
  Nergalle (D:11)
  Urug (D:11)
  An unseen horror (D:7)
  A wizard (D:9)
  An ugly thing (D:11)
  A gargoyle (D:10)
  A kobold demonologist (D:11)
  7 trolls
  9 yaks
  2 wyverns
  A steam dragon (D:9)
  A basilisk (D:12)
  2 water moccasins
  8 orc warriors
  6 ice beasts
  2 sky beasts
  A necrophage (D:7)
  7 ogres
  A black bear (D:12)
  An eye of draining (D:11)
  A phantom (D:9)
  3 wolves (D:8)
  4 centaurs
  3 big kobolds
  6 bullfrogs
  A gnoll sergeant (D:9)
  5 scorpions
  17 killer bees
  An electric eel (D:8)
  3 howler monkeys
  3 wights (D:10)
  2 centaur zombies
  2 bullfrog zombies
  3 centaur skeletons
  4 jellies
  8 orc priests
  7 hounds
  A bullfrog skeleton (D:11)
  5 iguanas
  14 orc wizards
  15 worker ants
  3 hound skeletons
  18 adders
  5 gnolls (D:9)
  3 shadow imps
  2 white imps
  2 oozes
  2 adder skeletons
  2 worms
  2 dart slugs
  3 leopard geckos
  43 orcs
  5 giant cockroaches
  2 goblins
  7 hobgoblins
  15 jackals
  2 quokkas
  A ball python (D:2)
  5 bats
  5 frilled lizards
  A giant cockroach zombie (D:5)
  A jackal skeleton (D:6)
  A jackal zombie (D:5)
  19 kobolds
  2 leopard gecko zombies
  5 rats
322 creatures vanquished.

Vanquished Creatures (others)
  An orc (D:8)
1 creature vanquished.

Grand Total: 323 creatures vanquished

Notes
Turn   | Place    | Note
-------+----------+-------------------------------------------
     0 | D:1      | kae the Naga Transmuter began the quest for the Orb.
     0 | D:1      | Reached XP level 1. HP: 18/18 MP: 3/3
   580 | D:1      | Reached XP level 2. HP: 25/25 MP: 5/5
  1151 | D:1      | Reached skill level 3 in Transmutations
  1361 | D:2      | Reached XP level 3. HP: 23/31 MP: 4/6
  1371 | D:2      | Learned a level 3 spell: Spider Form
  1798 | D:2      | Found a faded altar of an unknown god.
  2210 | D:2      | Reached skill level 1 in Poison Magic
  2949 | D:3      | Reached XP level 4. HP: 20/38 MP: 7/7
  3680 | D:3      | Noticed a bullfrog
  3689 | D:3      | Killed a bullfrog
  3689 | D:3      | Reached skill level 4 in Transmutations
  3689 | D:3      | Reached XP level 5. HP: 19/44 MP: 6/8
  3955 | D:3      | Learned a level 4 spell: Ice Form
  4107 | D:4      | Found a transporter.
  4109 | D:4      | Noticed Ronin1791's ghost (amateur GnAM)
  4110 | D:4      | Found a transporter.
  4411 | D:4      | Found a shimmering altar of Xom.
  4415 | D:4      | Found a sparkling altar of Nemelex Xobeh.
  4497 | D:4      | Found an ornate altar of the Wu Jian Council.
  4497 | D:4      | Found a glowing silver altar of Zin.
  4497 | D:4      | Found an opulent altar of Gozag.
  4498 | D:4      | Found a bloodstained altar of Trog.
  4561 | D:4      | Reached XP level 6. HP: 26/51 MP: 5/9
  4851 | D:5      | Entered Level 5 of the Dungeon
  4977 | D:5      | Found a white marble altar of Elyvilon.
  5021 | D:5      | Noticed an ice beast
  5032 | D:5      | Killed an ice beast
  5032 | D:5      | Reached skill level 5 in Transmutations
  5194 | D:5      | Reached XP level 7. HP: 57/57 MP: 6/10
  5341 | D:5      | Reached skill level 6 in Transmutations
  5347 | D:5      | Reached skill level 5 in Unarmed Combat
  6252 | D:5      | Reached skill level 7 in Transmutations
  6252 | D:5      | Reached XP level 8. HP: 59/64 MP: 6/11
  7146 | D:6      | Reached skill level 8 in Transmutations
  8701 | D:7      | Identified the +0 buckler "Watt" {Rampage rN+ Int+2 Dex+3}
  8713 | D:7      | Reached XP level 9. HP: 43/70 MP: 13/13
  8718 | D:7      | Reached skill level 9 in Transmutations
  8766 | D:7      | Noticed an unseen horror
  8784 | D:7      | Killed an unseen horror
  9123 | D:7      | Reached skill level 10 in Transmutations
  9839 | D:7      | Found a staircase to the Ecumenical Temple.
  9992 | Temple   | Entered the Ecumenical Temple
 10099 | Temple   | Became a worshipper of Cheibriados the Contemplative
 10148 | D:8      | Learned a level 5 spell: Blade Hands
 10244 | D:8      | Noticed a troll
 10260 | D:8      | Killed a troll
 10260 | D:8      | Reached skill level 5 in Fighting
 10260 | D:8      | Reached XP level 10. HP: 8/88 MP: 8/14
 10721 | D:8      | Reached skill level 1 in Ice Magic
 10729 | D:8      | Reached * piety under Cheibriados
 10987 | D:8      | Found a staircase to the Lair.
 11679 | D:9      | Reached ** piety under Cheibriados
 12685 | D:9      | Noticed a wizard
 12692 | D:9      | Killed a wizard
 12701 | D:9      | Got a pair of heavily runed gloves
 12723 | D:9      | Identified the +3 pair of gloves of Nooqoc {+Inv rPois rN+
                  | Regen+} (You found it on level 9 of the Dungeon)
 12950 | D:9      | Reached *** piety under Cheibriados
 13088 | D:9      | Reached XP level 11. HP: 103/103 MP: 12/17
 13106 | D:9      | Found a staircase to the Orcish Mines.
 13274 | D:9      | Reached skill level 5 in Dodging
 14030 | D:10     | Entered Level 10 of the Dungeon
 14472 | D:10     | Reached **** piety under Cheibriados
 15334 | D:10     | Gained mutation: You can exhale a cloud of poison. [potion
                  | of mutation]
 15334 | D:10     | Gained mutation: You evolve. [potion of mutation]
 15431 | D:11     | Noticed a six-headed hydra
 15433 | D:11     | Noticed Nergalle
 15445 | D:11     | Killed a six-headed hydra
 15451 | D:11     | Killed Nergalle
 15451 | D:11     | Reached skill level 1 in Armour
 15584 | D:11     | Noticed a boulder beetle
 15599 | D:11     | Reached ***** piety under Cheibriados
 15751 | D:11     | Killed a boulder beetle
 15774 | D:11     | Reached XP level 12. HP: 110/110 MP: 16/18
 15818 | D:11     | Gained mutation: You are resistant to electric shocks.
                  | (rElec) [evolution]
 15909 | D:11     | Noticed Urug
 15929 | D:11     | Killed Urug
 15929 | D:11     | Reached skill level 5 in Armour
 16196 | D:11     | Noticed Erica
 16210 | D:11     | Killed Erica
 16221 | D:11     | Reached skill level 1 in Invocations
 16382 | D:11     | Found a white marble altar of Elyvilon.
 16382 | D:11     | Found a runed translucent door.
 16382 | D:11     | Noticed an angel
 16849 | D:12     | Found a runed translucent door.
 16860 | D:12     | Found a runed translucent door.
 16900 | D:12     | Noticed a soul eater
 16902 | D:12     | Noticed a sun demon
 16908 | D:12     | HP: 5/132 [sun demon[a kobold demonologist] (16)]
 16908 | D:12     | Mangled by a soul eater

Illustrated notes

Levels and vault maps discovered:
D:1:      dpeg_arrival_castle, layout_rooms
D:2:      layout_basic, chequers_ecumenical_altar_twisty,
          kennysheep_generic_room_13
D:3:      layout_loops_ring
D:4:      layout_cave_pools, grunt_temple_overflow_open, gammafunk_ghost_arena,
          minmay_hedge_maze
D:5:      minmay_inner_zag, layout_cave_pools, elyvilon_altar_1
D:6:      layout_loops_corners
D:7:      minmay_the_grid_triangle_9x9_rhombus_thin
          [minmay_the_grid_triangle_9x9_odd_lines,
          minmay_the_grid_triangle_9x9_prize_schism,
          minmay_the_grid_triangle_9x9_swiss_cheese,
          minmay_the_grid_triangle_9x9_empty], layout_rooms, temple_pool_b,
          lightli_orcish_oven
D:8:      layout_basic, erik_lair_island
D:9:      cheibrodos_wizards_tower, layout_layer_cave, david_orc_1_choice
D:10:     layout_irregular_city
D:11:     layout_gridville, lemuel_angel_altar, uniq_erica, uniq_urug,
          uniq_nergalle
D:12:     layout_basic, minmay_statue_crystal_thing, uniq_fannar
Temple:   kb_temple_of_zot

Skill      XL: |  1  2  3  4  5  6  7  8  9 10 11 12 |
---------------+-------------------------------------+-----
Transmutations | 3 4 5 7 8 10 | 10.0
Poison Magic   | 1 3 |  3.0
Unarmed Combat | 4 5 6 8 |  8.0
Spellcasting   | 3 4 |  4.0
Fighting       | 5 8 |  8.0
Ice Magic      | 4 |  4.0
Dodging        | 4 8 |  8.0
Armour         | 4 6 |  6.0
Invocations    | 3 |  3.9

Action                   |  1- 3 |  4- 6 |  7- 9 | 10-12 || total
-------------------------+-------+-------+-------+-------++-------
Melee: Unarmed           |   150 |    55 |   302 |   374 ||   881
       Headbutt          |    11 |     3 |       |     1 ||    15
       Punch             |     1 |       |       |       ||     1
 Cast: Beastly Appendage |    22 |     7 |       |     1 ||    30
       Spider Form       |       |     5 |    29 |     5 ||    39
       Ice Form          |       |       |     5 |    50 ||    55
       Blade Hands       |       |       |     2 |     3 ||     5
 Abil: Spit Poison       |    11 |    18 |    26 |     7 ||    62
       Breathe Poison Ga |       |       |       |    10 ||    10
  Use: Scroll            |     4 |     5 |     7 |    11 ||    27
       Potion            |       |     1 |       |     3 ||     4
 Stab: Sleeping          |     1 |       |       |     1 ||     2
       Distracted        |       |       |     1 |       ||     1
Armor: Robe              |    35 |     7 |     4 |    13 ||    59
       Skin              |       |       |    19 |    86 ||   105
Dodge: Dodged            |    89 |    44 |   231 |   360 ||   724

Table legend: (Time is in decaauts)
 A = Elapsed time spent in this place.
 B = Non-inter-level travel time spent in this place.
 C = Inter-level travel time spent in this place.
 D = Time resting spent in this place.
 E = Time spent auto-exploring this place.
 F = Levels seen in this place.
 G = Mean time per level.
                   A        B        C        D        E       F      G
               +--------+--------+--------+--------+--------+-----+--------+
         Total |  21336 |  20790 |    546 |   1793 |  16737 |  13 | 1641.2 |
       Dungeon |  21141 |  20659 |    482 |   1793 |  16606 |  12 | 1761.8 |
        Temple |    195 |    132 |     63 |      0 |    130 |   1 |  195.0 |
               +--------+--------+--------+--------+--------+-----+--------+

Top non-repeatable levels by time:
     D:9: 3600 daAuts
     D:6: 2343 daAuts
    D:11: 2096 daAuts
     D:8: 1842 daAuts
     D:2: 1817 daAuts
    D:10: 1778 daAuts
     D:7: 1635 daAuts
     D:5: 1565 daAuts
     D:1: 1431 daAuts
     D:3: 1409 daAuts
     D:4: 1307 daAuts
    D:12: 315 daAuts
  Temple: 195 daAuts
